 Dungeon Crawl Stone Soup version 0.29.0-4-gdea44cf6ec (webtiles) character file.

Game seed: 1244540827778806424

16 qw the Chopper (level 2, -3/21 HPs)
             Began as a Barachi Chaos Knight on Sept 7, 2022.
             Slain by a rust devil (9 damage)
             ... summoned by Xom
             ... on level 1 of the Dungeon.
             The game lasted 00:00:18 (1009 turns).

qw the Chopper (Barachi Chaos Knight)               Turns: 1009, Time: 00:00:19

Health: -3/21      AC: -6    Str: 11    XL:     2   Next: 58%
Magic:  2/2        EV: 11    Int: 12    God:
Gold:   44         SH:  0    Dex:  9    Spells: 1/1 levels left

rFire   . . .      SeeInvis .   a - +0 hand axe (chaos)
rCold   . . .      Faith    .   (no shield)
rNeg    . . .      Spirit   .   b - +2 leather armour
rPois   .          Reflect  .   (no helmet)
rElec   .          Harm     .   (no cloak)
rCorr   .          Rampage  .   (no gloves)
Will    .....                   (no boots)
Stlth   +.........              (no amulet)
HPRegen 0.07/turn               (no ring)
MPRegen 0.08/turn               (no ring)

@: corroded, slow
A: amphibious, slowness 1, strong legs 1, +LOS, clumsy 1, deterioration 1, frail
1, weak 1
a: Hop


You were on level 1 of the Dungeon.
You visited 1 branch of the dungeon, and saw 1 of its levels.

You collected 44 gold pieces.


Innate Abilities, Weirdness & Mutations

You are amphibious.
You cover ground slowly.
You can hop short distances.
You have an extended range of vision and can be seen from far away.
You are clumsy. (Dex -2)
Your body sometimes deteriorates upon taking damage.
You are frail. (-10% HP)
You are weak. (Str -2)


   Skills:
 - Level 3.6 Fighting
 + Level 4.2 Axes
 - Level 2.4 Armour
 - Level 1.1 Dodging


You had one spell level left.
You didn't know any spells.
Your spell library was empty.

Inventory:

Hand Weapons
 a - a +0 hand axe of chaos (weapon)
 f - a +0 whip
Armour
 b - a +2 leather armour (worn)
Scrolls
 d - 2 scrolls of enchant armour {unknown}
Potions
 e - 2 potions of heal wounds {unknown}
 g - a potion of flight {unknown}
Miscellaneous
 c - a piece from Xom's chessboard (15/15)

Dungeon Overview and Level Annotations

Branches:
Dungeon (1/15)

Altars:


Message History

Enter note: You hit the giant cockroach.
You drain the giant cockroach.
You kill the giant cockroach!
You hear Xom's maniacal laughter.
A quasit comes into view.
You hit the quasit but do no damage. The quasit bites you.
The quasit barely misses you. The quasit closely misses you.
You barely miss the quasit. The quasit closely misses you.
The quasit barely misses you. The quasit claws you.
The quasit closely misses you. The quasit barely misses you.
The quasit claws you but does no damage.
You closely miss the quasit. The quasit barely misses you.
The quasit claws you but does no damage. x2
You hit the quasit.
The quasit is poisoned.
The quasit is lightly wounded.
The quasit bites you but does no damage.
The quasit misses you.
The quasit claws you but does no damage.
You slash the quasit!
The quasit is heavily wounded.
The quasit barely misses you.
The quasit claws you but does no damage. x2
The quasit bites you but does no damage.
The quasit claws you. The quasit misses you.
You slash the quasit!
The quasit seems to grow stronger.
The quasit is almost dead.
You kill the quasit!
The quasit disappears in a puff of smoke!
You hit the rust devil but do no damage.
The rust devil hits you! The rust devil corrodes you!
You completely miss the rust devil. The rust devil hits you.
The rust devil corrodes you!
You closely miss the rust devil. The rust devil hits you.
The rust devil corrodes you!
You hit the rust devil but do no damage.
The rust devil hits you!
You die...

#.# #~..P#
#.# #P..~###
#.# #~~..'.#
#.# #7P.P#.#
#.# #~7.7#.#
#.#########
###+##.#
#..........
#......
#.##########
##......
#.......@4.#
#.........
##########.#
#.##...... #
# #......
#######


You could see a rust devil (summoned).

Vanquished Creatures
  2 bats (D:1)
  3 endoplasms (D:1)
  A giant cockroach (D:1)
  A hobgoblin (D:1)
  2 jackals (D:1)
  A quokka (D:1)
  A frilled lizard (D:1)
  2 kobolds (D:1)
  2 rats (D:1)
15 creatures vanquished.

Notes
Turn   | Place    | Note
-------+----------+-------------------------------------------
     0 | D:1      | qw the Barachi Chaos Knight began the quest for the Orb.
     0 | D:1      | Reached XP level 1. HP: 18/18 MP: 1/1
     0 | D:1      | 0 ||| qw: Version: 0.1-a-108-g9e35731
     0 | D:1      | 0 ||| qw: Game counter: 6566
     0 | D:1      | 0 ||| qw: Always use a shield: true
     0 | D:1      | 0 ||| qw: God list: Okawaru
     0 | D:1      | 0 ||| qw: Allow faded altars: false
     0 | D:1      | 0 ||| qw: Do Orc after D:15 true
     0 | D:1      | 0 ||| qw: Do second Lair branch before Depths: true
     0 | D:1      | 0 ||| qw: Lair rune preference: random
     0 | D:1      | 0 ||| qw: Plans: Normal
     0 | D:1      | 0 ||| PLANNING D:1-11
     0 | D:1      | Fell from the grace of Xom
   180 | D:1      | XOM: give mutations
   180 | D:1      | Gained mutation: You are clumsy. (Dex -2) [Xom's mischief]
   180 | D:1      | Gained mutation: Your body sometimes deteriorates upon
                  | taking damage. [Xom's mischief]
   180 | D:1      | Gained mutation: You are frail. (-10% HP) [Xom's mischief]
   180 | D:1      | Gained mutation: You are weak. (Str -2) [Xom's mischief]
   284 | D:1      | Reached XP level 2. HP: 17/21 MP: 2/2
   374 | D:1      | Reached skill level 4 in Axes
   997 | D:1      | XOM: summons 2 hostile demons
   998 | D:1      | Noticed a rust devil
  1009 | D:1      | Slain by a rust devil

Levels and vault maps discovered:
D:1:      tarquinn_simple_flora_water_f, layout_basic,
          shapermc_ecumenical_altar_gd, nrook_mini_vaults

Skill      XL: |  1  2 |
---------------+-------+-----
Axes           | 4 |  4.2
Fighting       | |  3.6
Armour         | |  2.4
Dodging        | |  1.1

Action                   || total
-------------------------++-------
Melee: Hand axe          ||    63
Invok: Renounce Religion ||     1
Armor: Leather armour    ||    28
Dodge: Dodged            ||    36

Table legend:
 A = Non-vault XP
 B = Vault XP
 C = Vault XP percentage of total XP
 D = Non-vault monster count
 E = Vault monster count
 F = Vault count percentage of total count
                 A         B        C        D         E       F
            +---------+---------+-------+---------+---------+-------
      Total |      24 |       0 |   0.0 |      15 |       0 |   0.0
            +---------+---------+-------+---------+---------+-------
        D:1 |      24 |       0 |   0.0 |      15 |       0 |   0.0
            +---------+---------+-------+---------+---------+-------
